SAAA
HAMILTON COYOTES @ MEMPHIS REDBIRDS
09/18/2042
 
TOP OF THE 1ST
Hamilton Coyotes batting - Pitching for Memphis Redbirds : RHP Boris Milatovic
Pitching: RHP Boris Milatovic
Batting: SHB Júlio Moreno 0-0: Called Strike
0-1: Ball
1-1: Called Strike
1-2: Ground out 4-3 (Groundball, 4, EV 90.0 MPH)
Batting: RHB Sallvador Rebola 0-0: Ground out 5-3 (Groundball, 56, EV 83.8 MPH)
Batting: RHB Michael Collier 0-0: Swinging Strike
0-1: Foul Ball, location: 2F
0-2: SINGLE (Flyball, 56D, EV 81.2 MPH)
Batting: LHB Jason Powell 0-0: Ball
1-0: Ball
2-0: Called Strike
2-1: Foul Ball, location: 2F
2-2: SINGLE (Groundball, 56D, EV 95.6 MPH)
Michael Collier to second
Batting: RHB Cary Collins 0-0: Ball
1-0: Foul Ball, location: 2F
1-1: Ground out 4-3 (Groundball, 4M, EV 91.2 MPH)
Top of the 1st over - 0 runs, 2 hits, 0 errors, 2 left on base; Hamilton 0 - Memphis 0
BOTTOM OF THE 1ST
Memphis Redbirds batting - Pitching for Hamilton Coyotes : LHP Manu Jortikka
Pitching: LHP Manu Jortikka
Batting: RHB Dave Bauer 0-0: Ball
1-0: Swinging Strike
1-1: Foul Ball, location: 2F
1-2: Fly out, F7 (Flyball, 7LS, EV 77.5 MPH)
Batting: RHB Lorenzo Lobo 0-0: Called Strike
0-1: Called Strike
0-2: Foul Ball, location: 2F
0-2: Ball
1-2: Foul Ball, location: 2F
1-2: Strikes out swinging
Batting: RHB Ricardo Ojíto 0-0: Ball
1-0: Called Strike
1-1: Foul Ball, location: 2F
1-2: Ball
2-2: SINGLE (Groundball, 56D, EV 98.8 MPH)
Batting: RHB Fraser Childs 0-0: Ball
1-0: Foul Ball, location: 2F
1-1: 2-RUN HOME RUN (Flyball, 7D, EV 112.5 MPH), Distance : 386 ft
Batting: RHB Steve Marwat 0-0: Called Strike
0-1: Swinging Strike
0-2: Ball
1-2: Strikes out looking
Bottom of the 1st over - 2 runs, 2 hits, 0 errors, 0 left on base; Hamilton 0 - Memphis 2
TOP OF THE 2ND
Hamilton Coyotes batting - Pitching for Memphis Redbirds : RHP Boris Milatovic
Batting: RHB Rey McSriff 0-0: Ball
1-0: Ground out 5-3 (Groundball, 56, EV 86.2 MPH)
Batting: RHB Khal Drogo 0-0: Ball
1-0: Called Strike
1-1: Ball
2-1: Called Strike
2-2: Foul Ball, location: 2F
2-2: Fly out, F4 (Flyball, 4D, EV 81.9 MPH)
Batting: RHB Barney Paul 0-0: Ball
1-0: Called Strike
1-1: Called Strike
1-2: Strikes out swinging
Top of the 2nd over - 0 runs, 0 hits, 0 errors, 0 left on base; Hamilton 0 - Memphis 2
BOTTOM OF THE 2ND
Memphis Redbirds batting - Pitching for Hamilton Coyotes : LHP Manu Jortikka
Batting: RHB Gonzalo Quintanilla 0-0: Swinging Strike
0-1: Ball
1-1: Ball
2-1: Ball
3-1: Base on Balls
Batting: LHB Carter Stanley 0-0: Ground out 4-3 (Groundball, 4S, EV 75.6 MPH)
Gonzalo Quintanilla to second
Batting: RHB Chris Carson 0-0: Ball
1-0: Called Strike
1-1: Foul Ball, location: 2F
1-2: SINGLE (Line Drive, 56D, EV 94.4 MPH)
Gonzalo Quintanilla to third
Runner from 3rd tries for Home, SAFE, throw by LF to home
Batting: RHB Martin Clayton 0-0: Ball
1-0: Called Strike
1-1: Ball
2-1: Ball
3-1: Base on Balls
Chris Carson to second
Batting: RHB Dave Bauer 0-0: Ball
1-0: Ball
2-0: DOUBLE (Line Drive, 7LM, EV 105.0 MPH)
Chris Carson scores
Martin Clayton to third
Batting: RHB Lorenzo Lobo 0-0: Ball
1-0: Ball
2-0: Ball
3-0: Foul Ball, location: 2F
3-1: Foul Ball, location: 2F
3-2: Base on Balls
Batting: RHB Ricardo Ojíto 0-0: Fielders Choice at 2nd, 4-6 (Groundball, 4S, EV 85.0 MPH)
Martin Clayton scores
Dave Bauer to third
Batting: RHB Fraser Childs 0-0: Ball
1-0: Fielders Choice at 2nd, 6-4 (Groundball, 6, EV 98.8 MPH)
Bottom of the 2nd over - 3 runs, 2 hits, 0 errors, 2 left on base; Hamilton 0 - Memphis 5
TOP OF THE 3RD
Hamilton Coyotes batting - Pitching for Memphis Redbirds : RHP Boris Milatovic
Batting: LHB Gerald Emerson 0-0: Called Strike
0-1: Swinging Strike
0-2: Ball
1-2: Ball
2-2: Ball
3-2: Strikes out swinging
Batting: SHB Júlio Moreno 0-0: Called Strike
0-1: Foul Ball, location: 2F
0-2: Strikes out swinging
Batting: RHB Sallvador Rebola 0-0: Foul Ball, location: 2F
0-1: Called Strike
0-2: Strikes out swinging
Top of the 3rd over - 0 runs, 0 hits, 0 errors, 0 left on base; Hamilton 0 - Memphis 5
BOTTOM OF THE 3RD
Memphis Redbirds batting - Pitching for Hamilton Coyotes : LHP Manu Jortikka
Batting: RHB Steve Marwat 0-0: Ball
1-0: Ball
2-0: Ball
3-0: Called Strike
3-1: Base on Balls
Batting: RHB Gonzalo Quintanilla 0-0: Called Strike
0-1: Called Strike
0-2: Ball
1-2: Foul Ball, location: 2F
1-2: Foul Ball, location: 2F
Pickoff Throw to First - Out! 1-3
1-2: Foul Ball, location: 2F
1-2: Ball
2-2: Ball
3-2: Base on Balls
Batting: LHB Carter Stanley 0-0: Fielders Choice at 2nd, 4-6 (Groundball, 4, EV 86.2 MPH)
Batting: RHB Chris Carson 0-0: Fielders Choice at 2nd, 5-4 (Groundball, 56, EV 95.6 MPH)
Bottom of the 3rd over - 0 runs, 0 hits, 0 errors, 1 left on base; Hamilton 0 - Memphis 5
TOP OF THE 4TH
Hamilton Coyotes batting - Pitching for Memphis Redbirds : RHP Boris Milatovic
Batting: RHB Michael Collier 0-0: Swinging Strike
0-1: Foul Ball, location: 2F
0-2: Ball
1-2: Ball
2-2: Foul Ball, location: 2F
2-2: DOUBLE (Line Drive, 78XD, EV 104.4 MPH)
Batting: LHB Jason Powell 0-0: Foul Ball, location: 2F
0-1: Ball
1-1: Ball
2-1: Swinging Strike
2-2: Ball
3-2: Strikes out swinging
Batting: RHB Cary Collins 0-0: Ball
1-0: Swinging Strike
1-1: Ball
2-1: Ground out 1-3 (Groundball, 13S, EV 66.9 MPH)
Michael Collier to third
Batting: RHB Rey McSriff 0-0: Fly out, F8 (Flyball, 8LM, EV 98.1 MPH)
Top of the 4th over - 0 runs, 1 hit, 0 errors, 1 left on base; Hamilton 0 - Memphis 5
BOTTOM OF THE 4TH
Memphis Redbirds batting - Pitching for Hamilton Coyotes : LHP Manu Jortikka
Batting: RHB Martin Clayton 0-0: Called Strike
0-1: Ball
1-1: Fly out, F7 (Flyball, 7D, EV 104.4 MPH)
Batting: RHB Dave Bauer 0-0: Ball
1-0: Ball
2-0: Foul Ball, location: 2F
2-1: Called Strike
2-2: Foul Ball, location: 2F
2-2: Foul Ball, location: 2F
2-2: Foul Ball, location: 2F
2-2: Foul Ball, location: 2F
2-2: Foul Ball, location: 2F
2-2: Strikes out looking
Batting: RHB Lorenzo Lobo 0-0: Ball
1-0: Fly out, F8 (Line Drive, 8LM, EV 94.4 MPH)
Bottom of the 4th over - 0 runs, 0 hits, 0 errors, 0 left on base; Hamilton 0 - Memphis 5
TOP OF THE 5TH
Hamilton Coyotes batting - Pitching for Memphis Redbirds : RHP Boris Milatovic
Batting: RHB Khal Drogo 0-0: Ball
1-0: Swinging Strike
1-1: Ball
2-1: Foul Ball, location: 2F
2-2: SINGLE (Popup, 3D, EV 48.8 MPH)
Batting: RHB Barney Paul 0-0: Ball
1-0: Foul Ball, location: 2F
1-1: Ball
2-1: Ball
3-1: Foul Ball, location: 2F
3-2: Foul Ball, location: 2F
3-2: Ground out 4-3 (Groundball, 4, EV 84.4 MPH)
Khal Drogo to second
Pitching: RHP Samuel Tuffley
Batting: LHB Gerald Emerson 0-0: Called Strike
0-1: Ball
1-1: Called Strike
Khal Drogo steals 3rd base
1-2: Fly out, F8 (Line Drive, 8RD, EV 92.5 MPH)
Runner from 3rd tags up, SCORES, no throw by CF
Batting: SHB Júlio Moreno 0-0: Foul Ball, location: 2F
0-1: Ball
1-1: Ground out 4-3 (Groundball, 4, EV 100.6 MPH)
Top of the 5th over - 1 run, 1 hit, 0 errors, 0 left on base; Hamilton 1 - Memphis 5
BOTTOM OF THE 5TH
Memphis Redbirds batting - Pitching for Hamilton Coyotes : LHP Manu Jortikka
Batting: RHB Ricardo Ojíto 0-0: Ball
1-0: Ball
2-0: SINGLE (Groundball, 34D, EV 99.4 MPH)
Batting: RHB Fraser Childs 0-0: Ball
1-0: Called Strike
1-1: Foul Ball, location: 2F
1-2: Foul Ball, location: 2F
1-2: Fly out, F8 (Flyball, 8RD, EV 98.1 MPH)
Batting: RHB Steve Marwat 0-0: Ball
1-0: Foul Ball, location: 2F
1-1: Fly out, F9 (Flyball, 9D, EV 86.9 MPH)
Batting: RHB Gonzalo Quintanilla 0-0: Swinging Strike
0-1: Ball
1-1: Foul Ball, location: 2F
1-2: Ball
2-2: Foul Ball, location: 2F
2-2: Ball
3-2: Foul Ball, location: 2F
3-2: Base on Balls
Ricardo Ojíto to second
Batting: LHB Carter Stanley 0-0: Ball
1-0: Called Strike
1-1: Swinging Strike
1-2: Ball
2-2: Ball
3-2: Foul Ball, location: 2F
3-2: SINGLE (Groundball, 34D, EV 105.0 MPH)
Ricardo Ojíto to third
Gonzalo Quintanilla to second
Ricardo Ojíto scores
Gonzalo Quintanilla to third
Batting: RHB Chris Carson 0-0: Ball
1-0: Ball
2-0: Ball
3-0: Called Strike
3-1: Base on Balls
Carter Stanley to second
Batting: RHB Martin Clayton 0-0: Called Strike
0-1: Ball
1-1: Foul Ball, location: 2F
1-2: Ball
2-2: Ball
3-2: Ground out 5-3 (Groundball, 56, EV 103.1 MPH)
Bottom of the 5th over - 1 run, 2 hits, 0 errors, 3 left on base; Hamilton 1 - Memphis 6
TOP OF THE 6TH
Hamilton Coyotes batting - Pitching for Memphis Redbirds : RHP Samuel Tuffley
Batting: RHB Sallvador Rebola 0-0: Ball
1-0: Called Strike
1-1: Ball
2-1: Foul Ball, location: 2F
2-2: Foul Ball, location: 2F
2-2: Foul Ball, location: 2F
2-2: Ball
3-2: Ground out U3 (Groundball, 3, EV 87.5 MPH)
Batting: RHB Michael Collier 0-0: Ball
1-0: Called Strike
1-1: Ball
2-1: Foul Ball, location: 2F
2-2: Foul Ball, location: 2F
2-2: Strikes out swinging
Batting: LHB Jason Powell 0-0: Ball
1-0: Fly out, F7 (Flyball, 78S, EV 77.5 MPH)
Top of the 6th over - 0 runs, 0 hits, 0 errors, 0 left on base; Hamilton 1 - Memphis 6
BOTTOM OF THE 6TH
Memphis Redbirds batting - Pitching for Hamilton Coyotes : LHP Manu Jortikka
Pitching: RHP Horiuchi Tanaka
Batting: RHB Dave Bauer 0-0: Ball
1-0: Fly out, F8 (Flyball, 8LM, EV 91.9 MPH)
Batting: RHB Lorenzo Lobo 0-0: Called Strike
0-1: Swinging Strike
0-2: Ball
1-2: Foul Ball, location: 2F
1-2: Strikes out swinging
Batting: RHB Ricardo Ojíto 0-0: Ball
1-0: Called Strike
1-1: Ball
2-1: Swinging Strike
2-2: Strikes out swinging
Bottom of the 6th over - 0 runs, 0 hits, 0 errors, 0 left on base; Hamilton 1 - Memphis 6
TOP OF THE 7TH
Hamilton Coyotes batting - Pitching for Memphis Redbirds : RHP Samuel Tuffley
Batting: RHB Cary Collins 0-0: Foul Ball, location: 2F
0-1: Swinging Strike
0-2: Ball
1-2: Strikes out swinging
Batting: RHB Rey McSriff 0-0: Called Strike
0-1: Ground out 4-3 (Groundball, 4, EV 99.4 MPH)
Batting: RHB Khal Drogo 0-0: Ball
1-0: Ball
2-0: Foul Ball, location: 2F
2-1: Foul Ball, location: 2F
2-2: Ball
3-2: Base on Balls
Batting: RHB Barney Paul 0-0: Swinging Strike
0-1: Ball
1-1: Swinging Strike
1-2: Ball
Khal Drogo steals 2nd base
2-2: Strikes out swinging
Top of the 7th over - 0 runs, 0 hits, 0 errors, 1 left on base; Hamilton 1 - Memphis 6
BOTTOM OF THE 7TH
Memphis Redbirds batting - Pitching for Hamilton Coyotes : RHP Horiuchi Tanaka
Batting: RHB Fraser Childs 0-0: Foul Ball, location: 2F
0-1: Swinging Strike
0-2: Strikes out looking
Batting: RHB Steve Marwat 0-0: Ball
1-0: Called Strike
1-1: Called Strike
1-2: Strikes out swinging
Batting: RHB Gonzalo Quintanilla 0-0: Foul Ball, location: 2F
0-1: Called Strike
0-2: Ball
1-2: Ground out 4-3 (Groundball, 4, EV 88.1 MPH)
Bottom of the 7th over - 0 runs, 0 hits, 0 errors, 0 left on base; Hamilton 1 - Memphis 6
TOP OF THE 8TH
Hamilton Coyotes batting - Pitching for Memphis Redbirds : RHP Samuel Tuffley
Batting: LHB Gerald Emerson 0-0: Called Strike
0-1: Ball
1-1: Foul Ball, location: 2F
1-2: Ball
2-2: Foul Ball, location: 2F
2-2: Ball
3-2: DOUBLE (Flyball, 8LD, EV 95.0 MPH)
Pitching: LHP Dan Stokes
Batting: SHB Júlio Moreno 0-0: Called Strike
0-1: Foul Ball, location: 2F
0-2: Ball
1-2: Ball
2-2: Strikes out swinging
Batting: RHB Sallvador Rebola 0-0: Ball
1-0: Called Strike
1-1: Swinging Strike
1-2: Strikes out looking
Batting: RHB Michael Collier 0-0: Called Strike
0-1: Foul Ball, location: 2F
0-2: Ball
1-2: Ball
2-2: Strikes out swinging
Top of the 8th over - 0 runs, 1 hit, 0 errors, 1 left on base; Hamilton 1 - Memphis 6
BOTTOM OF THE 8TH
Memphis Redbirds batting - Pitching for Hamilton Coyotes : RHP Horiuchi Tanaka
Batting: LHB Carter Stanley 0-0: Called Strike
0-1: Ball
1-1: Foul Ball, location: 2F
1-2: Ball
2-2: Foul Ball, location: 2F
2-2: SOLO HOME RUN (Flyball, 7D, EV 88.1 MPH), Distance : 375 ft
Batting: RHB Chris Carson 0-0: Ball
1-0: Called Strike
1-1: Ball
2-1: Foul Ball, location: 2F
2-2: SINGLE (Groundball, 5L, EV 101.2 MPH)
Batting: RHB Martin Clayton 0-0: Fly out, F9 (Flyball, 9, EV 82.5 MPH)
Batting: RHB Dave Bauer 0-0: Called Strike
0-1: Ball
Chris Carson steals 2nd base
1-1: Ball
2-1: Ball
3-1: Foul Ball, location: 2F
3-2: DOUBLE (Line Drive, 9LM, EV 103.1 MPH)
Chris Carson scores
Batting: RHB Lorenzo Lobo 0-0: Ball
1-0: SINGLE (Groundball, 56D, EV 103.1 MPH)
Dave Bauer to third
Runner from 3rd tries for Home, SAFE, no throw by LF
Pitching: RHP Mitchell Atwell
Batting: RHB Ricardo Ojíto 0-0: Fly out, F8 (Flyball, 8LM, EV 84.4 MPH)
Batting: RHB Fraser Childs 0-0: Called Strike
0-1: Swinging Strike
0-2: Hit by Pitch
Lorenzo Lobo to second
Batting: RHB Steve Marwat 0-0: Ball
1-0: Ball
2-0: Called Strike
2-1: Fly out, F7 (Flyball, 7, EV 76.2 MPH)
Bottom of the 8th over - 3 runs, 4 hits, 0 errors, 2 left on base; Hamilton 1 - Memphis 9
TOP OF THE 9TH
Hamilton Coyotes batting - Pitching for Memphis Redbirds : LHP Dan Stokes
Batting: LHB Jason Powell 0-0: Ball
1-0: Fly out, F7 (Flyball, 7LS, EV 93.1 MPH)
Batting: RHB Cary Collins 0-0: DOUBLE (Line Drive, 7LS, EV 102.5 MPH)
Batting: RHB Rey McSriff 0-0: Ball
1-0: Foul Ball, location: 2F
1-1: Swinging Strike
1-2: Strikes out swinging passed ball, reaches first!
Cary Collins to third
Batting: RHB Khal Drogo 0-0: Swinging Strike
0-1: Ball
1-1: Called Strike
1-2: Strikes out swinging
Batting: RHB Barney Paul 0-0: Ball
1-0: Foul Ball, location: 2F
1-1: Foul Ball, location: 2F
1-2: Ball
2-2: Foul Ball, location: 2F
2-2: Strikes out swinging
Top of the 9th over - 0 runs, 1 hit, 0 errors, 2 left on base; Hamilton 1 - Memphis 9
Friday, March 26th, 2021 - OOTP Baseball 20.8 Build 74